[Event "GambitGuide"]
[Site "Internet Chess Club"]
[Date "2014.10.31"]
[Round "1"]
[White "JSBach"]
[Black "puffin"]
[Result "1-0"]
[ICCResult "Black checkmated"]
[WhiteElo "1615"]
[BlackElo "1949"]
[Opening "Vienna: `Frankenstein-Dracula' variation"]
[ECO "C27"]
[NIC "VG.02"]
[Time "20:18:36"]
[TimeControl "120+12"]

1. e4 e5 2. Nc3 Nf6 3. Bc4 Nxe4 4. Qh5 Nd6 5. Bb3 Nc6 6. Nb5 g6 7. Qf3 f5 8.
Qd5 Qe7 9. Nxc7+ Kd8 10. Nxa8 b6 11. d3 Bb7 12. Nxb6 axb6 13. Qf3 Bg7 14.
Be3 e4 15. dxe4 Kc7 16. exf5 Nxf5 17. O-O-O Rf8 18. Bf4+ Kc8 19. Bd5 Nfd4
20. Qe3 Qf6 21. g3 Nxc2 22. Qxb6 g5 23. Qc7# {Black checkmated} 1-0

[Event "GambitGuide"]
[Site "Internet Chess Club"]
[Date "2014.10.31"]
[Round "1"]
[White "JSBach"]
[Black "attalone"]
[Result "1-0"]
[ICCResult "Black resigns"]
[WhiteElo "1615"]
[BlackElo "1396"]
[Opening "Vienna: `Frankenstein-Dracula' variation"]
[ECO "C27"]
[NIC "VG.02"]
[Time "20:20:51"]
[TimeControl "120+12"]

1. e4 e5 2. Nc3 Nf6 3. Bc4 Nxe4 4. Qh5 Nd6 5. Bb3 Nc6 6. Nb5 g6 7. Qf3 f5 8.
Qd5 Qe7 9. Nxc7+ Kd8 10. Nxa8 b6 11. d3 Nd4 12. f4 Nxb3 13. axb3 Bb7 14.
Qxe5 Qxe5+ 15. fxe5 Nf7 16. Kf2 Bxa8 17. Rxa7 Bc6 18. e6 Ng5 19. Bxg5+ Be7
20. Be3 dxe6 21. Bxb6+ Ke8 22. Bd4 Kf7 23. Bxh8 {Black resigns} 1-0

[Event "GambitGuide"]
[Site "Internet Chess Club"]
[Date "2014.10.31"]
[Round "1"]
[White "JSBach"]
[Black "Ricardov"]
[Result "0-1"]
[ICCResult "White checkmated"]
[WhiteElo "1615"]
[BlackElo "2155"]
[Opening "Vienna: `Frankenstein-Dracula' variation"]
[ECO "C27"]
[NIC "VG.02"]
[Time "20:18:36"]
[TimeControl "120+12"]

1. e4 e5 2. Nc3 Nf6 3. Bc4 Nxe4 4. Qh5 Nd6 5. Bb3 Nc6 6. Nb5 g6 7. Qf3 f5 8.
Qd5 Qe7 9. Nxc7+ Kd8 10. Nxa8 b6 11. d3 Bb7 12. Nxb6 axb6 13. Qf3 Kc7 14.
Bd2 g5 15. c3 h5 16. Bd5 g4 17. Qe3 h4 18. f4 Bh6 19. Bxc6 Bxc6 20. Qxe5
Qxe5+ 21. fxe5 Bxg2 22. exd6+ Kxd6 23. Nf3 Bxh1 24. Nxh4 Bxd2+ 25. Kxd2 Rxh4
26. Rxh1 g3 27. h3 Rf4 28. Ke3 Rf2 29. Rg1 f4+ 30. Kd4 Ke6 31. a4 Kf5 32. h4
Kg4 33. Re1 g2 34. Rg1 f3 35. b4 Rf1 36. Ke3 Rxg1 37. Kf2 Rf1+ 38. Ke3 g1=Q+
39. Ke4 Re1+ 40. Kd5 Qe3 41. Kc4 Rd1 42. d4 Rc1 43. Kb5 Qxc3 44. d5 Rb1 45.
Ka6 Qxb4 46. Kb7 Qc5 47. d6 Qc6+ 48. Ka7 Rb4 49. a5 Ra4 50. Kb8 b5 51. a6 b4
52. h5 b3 53. Ka7 Rb4 54. h6 Qb6+ 55. Ka8 Qxa6# {White checkmated} 0-1

[Event "GambitGuide"]
[Site "Internet Chess Club"]
[Date "2014.10.31"]
[Round "1"]
[White "JSBach"]
[Black "SockenPuppen"]
[Result "1-0"]
[ICCResult "Black resigns"]
[WhiteElo "1615"]
[BlackElo "1536"]
[Opening "Vienna: `Frankenstein-Dracula' variation"]
[ECO "C27"]
[NIC "VG.02"]
[Time "20:19:16"]
[TimeControl "120+12"]

1. e4 e5 2. Nc3 Nf6 3. Bc4 Nxe4 4. Qh5 Nd6 5. Bb3 Nc6 6. Nb5 g6 7. Qf3 f5 8.
Qd5 Qe7 9. Nxc7+ Kd8 10. Nxa8 b6 11. d3 Bb7 12. Nxb6 axb6 13. Qf3 f4 14. Bd2
Nd4 15. Qg4 h5 16. Qxg6 Rh6 17. Qg8 Kc7 18. Rc1 Qf6 19. c3 Rg6 20. cxd4+ Kb8
21. Qh7 Bxg2 22. dxe5 Qxe5+ 23. Ne2 f3 24. Be3 Bxh1 25. Qxg6 fxe2 26. Qg8
Qf6 27. Bxb6 Nf5 28. Kxe2 Bf3+ 29. Kf1 Nh4 30. Bc5 d6 31. Bf7 dxc5 32. Qxf8+
Kb7 33. Bd5+ Bxd5 34. Qxf6 {Black resigns} 1-0

[Event "GambitGuide"]
[Site "Internet Chess Club"]
[Date "2014.10.31"]
[Round "1"]
[White "JSBach"]
[Black "ChessTony"]
[Result "0-1"]
[ICCResult "White checkmated"]
[WhiteElo "1615"]
[BlackElo "2167"]
[Opening "Vienna: `Frankenstein-Dracula' variation"]
[ECO "C27"]
[NIC "VG.02"]
[Time "20:19:09"]
[TimeControl "120+12"]

1. e4 e5 2. Nc3 Nf6 3. Bc4 Nxe4 4. Qh5 Nd6 5. Bb3 Nc6 6. Nb5 g6 7. Qf3 f5 8.
Qd5 Qe7 9. Nxc7+ Kd8 10. Nxa8 b6 11. d3 Bb7 12. Nxb6 axb6 13. Qf3 Nd4 14.
Qg3 f4 15. Qg4 N6f5 16. Ne2 Nxe2 17. Kxe2 Bxg2 18. Rd1 Nd4+ 19. Ke1 Bf3 20.
Qh3 Qg5 21. Rd2 Qg1+ 22. Qf1 Qxh2 23. c3 Bg2 24. cxd4 Bxf1 25. dxe5 Qg1 26.
Re2 Bxe2+ 27. Kxe2 Bc5 28. Bd5 Qxf2+ 29. Kd1 f3 30. Bg5+ Kc8 31. Rb1 Qe2+
32. Kc1 f2 33. Bg2 f1=Q+ 34. Bxf1 Qxf1+ 35. Kc2 Qe2+ 36. Bd2 Be3 37. Rd1 Kb7
38. Ra1 Qxd2+ 39. Kb3 Qxd3+ 40. Ka4 b5+ 41. Ka5 Ra8+ 42. Kb4 Qc4#
{White checkmated}
0-1

[Event "GambitGuide"]
[Site "Internet Chess Club"]
[Date "2014.10.31"]
[Round "1"]
[White "JSBach"]
[Black "Boscoe"]
[Result "1-0"]
[ICCResult "Black resigns"]
[WhiteElo "1616"]
[BlackElo "1297"]
[Opening "Vienna: `Frankenstein-Dracula' variation"]
[ECO "C27"]
[NIC "VG.02"]
[Time "20:21:57"]
[TimeControl "120+12"]

1. e4 e5 2. Nc3 Nf6 3. Bc4 Nxe4 4. Qh5 Nd6 5. Bb3 Nc6 6. Nb5 g6 7. Qf3 f5 8.
Qd5 Qe7 9. Nxc7+ Kd8 10. Nxa8 b6 11. d3 Bb7 12. Nxb6 axb6 13. Qf3 Bg7 14.
Be3 Nd4 15. Qh3 Nxb3 16. Bxb6+ Ke8 17. axb3 Kf7 18. b4 Rb8 19. Ba7 Ra8 20.
Ra5 Nc8 21. Bc5 Rxa5 22. Bxe7 Nxe7 23. bxa5 {Black resigns} 1-0

[Event "GambitGuide"]
[Site "Internet Chess Club"]
[Date "2014.10.31"]
[Round "1"]
[White "JSBach"]
[Black "Perplexis"]
[Result "1-0"]
[ICCResult "Black resigns"]
[WhiteElo "1616"]
[BlackElo "1183"]
[Opening "Vienna: `Frankenstein-Dracula' variation"]
[ECO "C27"]
[NIC "VG.02"]
[Time "20:18:36"]
[TimeControl "120+12"]

1. e4 e5 2. Nc3 Nf6 3. Bc4 Nxe4 4. Qh5 Nd6 5. Bb3 Nc6 6. Nb5 g6 7. Qf3 f5 8.
Qd5 Qe7 9. Nxc7+ Kd8 10. Nxa8 b6 11. d3 Bb7 12. Nxb6 axb6 13. Qf3 Nd4 14.
Qh3 Nf7 15. Be3 f4 16. Bxd4 exd4+ 17. Kd1 Ne5 18. f3 Nxd3 19. cxd3 Qe3 20.
Bc4 Bg7 21. Rc1 Re8 22. Qh4+ Kc8 23. Bf7+ Kb8 24. Bxe8 Qxe8 25. Qxh7 Ba6 26.
Qxg7 Bxd3 27. Qxd4 Qe3 28. Qxd7 Be2+ 29. Nxe2 Qxe2+ 30. Kxe2 {Black resigns}
1-0

[Event "GambitGuide"]
[Site "Internet Chess Club"]
[Date "2014.10.31"]
[Round "1"]
[White "JSBach"]
[Black "scorpino"]
[Result "1-0"]
[ICCResult "Black checkmated"]
[WhiteElo "1616"]
[BlackElo "1038"]
[Opening "Vienna: `Frankenstein-Dracula' variation"]
[ECO "C27"]
[NIC "VG.02"]
[Time "20:20:02"]
[TimeControl "120+12"]

1. e4 e5 2. Nc3 Nf6 3. Bc4 Nxe4 4. Qh5 Nd6 5. Bb3 Nc6 6. Nb5 g6 7. Qf3 f5 8.
Qd5 Qe7 9. Nxc7+ Kd8 10. Nxa8 b6 11. d3 Nb4 12. Qf3 e4 13. dxe4 Nxe4 14. Be3
Bb7 15. Nxb6 axb6 16. Qf4 Qf6 17. Qb8+ Ke7 18. Qxb7 Qxb2 19. Rd1 Nxc2+ 20.
Bxc2 Qxc2 21. Qxd7+ Kf6 22. Bd4+ Kg5 23. Nh3+ Kh6 24. Bxh8 Bb4+ 25. Kf1 Qc4+
26. Qd3 Qxa2 27. Qe3+ g5 28. Qxb6+ Kh5 29. Qxb4 g4 30. Nf4+ Kg5 31. Qe7+
Kxf4 32. Be5# {Black checkmated} 1-0

[Event "GambitGuide"]
[Site "Internet Chess Club"]
[Date "2014.10.31"]
[Round "1"]
[White "JSBach"]
[Black "ChessTony"]
[Result "0-1"]
[ICCResult "White checkmated"]
[WhiteElo "1616"]
[BlackElo "2167"]
[Opening "Vienna: `Frankenstein-Dracula' variation"]
[ECO "C27"]
[NIC "VG.02"]
[Time "20:22:23"]
[TimeControl "120+12"]

1. e4 e5 2. Nc3 Nf6 3. Bc4 Nxe4 4. Qh5 Nd6 5. Bb3 Nc6 6. Nb5 g6 7. Qf3 f5 8.
Qd5 Qe7 9. Nxc7+ Kd8 10. Nxa8 b6 11. d3 Bb7 12. Nxb6 axb6 13. Qf3 Nd4 14.
Qg3 f4 15. Qg4 N6f5 16. Ne2 Nxe2 17. Kxe2 Bxg2 18. Rd1 Nd4+ 19. Ke1 Bf3 20.
Qh3 Qg5 21. Qg3 Qh5 22. Bxf4 exf4 23. Qxf4 Bg7 24. Rdc1 Re8+ 25. Be6 Rxe6+
26. Qe3 Rxe3+ 27. fxe3 Qxh2 28. Kf1 Qe2+ 29. Kg1 Qg2# {White checkmated} 0-1

[Event "GambitGuide"]
[Site "Internet Chess Club"]
[Date "2014.10.31"]
[Round "1"]
[White "JSBach"]
[Black "BraafPaard"]
[Result "1-0"]
[ICCResult "Black resigns"]
[WhiteElo "1616"]
[BlackElo "1500"]
[Opening "Vienna: `Frankenstein-Dracula' variation"]
[ECO "C27"]
[NIC "VG.02"]
[Time "20:20:00"]
[TimeControl "120+12"]

1. e4 e5 2. Nc3 Nf6 3. Bc4 Nxe4 4. Qh5 Nd6 5. Bb3 Nc6 6. Nb5 g6 7. Qf3 f5 8.
Qd5 Qe7 9. Nxc7+ Kd8 10. Nxa8 b6 11. d3 Nd4 12. h4 h6 13. f4 Bb7 14. Qxe5
Nxb3 15. axb3 Bxa8 16. Rh2 Bg7 17. Qxe7+ Kxe7 18. Rxa7 Bc6 19. Be3 b5 20. c3
Rb8 21. g3 Rc8 22. Re2 Kf7 23. Bc5 Ne8 24. c4 bxc4 25. bxc4 Nf6 26. Re7+ Kf8
27. Rexd7+ {Black resigns} 1-0

[Event "GambitGuide"]
[Site "Internet Chess Club"]
[Date "2014.10.31"]
[Round "1"]
[White "JSBach"]
[Black "Joey218"]
[Result "1-0"]
[ICCResult "Black resigns"]
[WhiteElo "1633"]
[BlackElo "1326"]
[Opening "Vienna: `Frankenstein-Dracula' variation"]
[ECO "C27"]
[NIC "VG.02"]
[Time "20:20:15"]
[TimeControl "120+12"]

1. e4 e5 2. Nc3 Nf6 3. Bc4 Nxe4 4. Qh5 Nd6 5. Bb3 Nc6 6. Nb5 g6 7. Qf3 f5 8.
Qd5 Qe7 9. Nxc7+ Kd8 10. Nxa8 b6 11. d3 Bb7 12. Nxb6 axb6 13. Qf3 Bg7 14.
Be3 Kc7 15. Bd5 Re8 16. Ne2 e4 17. Qf4 exd3 18. cxd3 Ne5 19. Rc1+ Kb8 20.
Bc4 Ndxc4 21. Rxc4 Ka7 22. Ra4+ Kb8 23. O-O g5 24. Qxf5 h5 25. Nd4 g4 26.
Rc1 Rf8 27. Qh7 Qf6 28. Qxh5 Nxd3 29. Rc2 Qd6 30. Nf5 Qe5 31. Nxg7 Qg5 32.
Qxg5 {Black resigns} 1-0

[Event "GambitGuide"]
[Site "Internet Chess Club"]
[Date "2014.10.31"]
[Round "1"]
[White "JSBach"]
[Black "Boscoe"]
[Result "1-0"]
[ICCResult "Black resigns"]
[WhiteElo "1633"]
[BlackElo "1297"]
[Opening "Vienna: `Frankenstein-Dracula' variation"]
[ECO "C27"]
[NIC "VG.02"]
[Time "20:23:31"]
[TimeControl "120+12"]

1. e4 e5 2. Nc3 Nf6 3. Bc4 Nxe4 4. Qh5 Nd6 5. Bb3 Nc6 6. Nb5 g6 7. Qf3 f5 8.
Qd5 Qe7 9. Nxc7+ Kd8 10. Nxa8 b6 11. d3 Bb7 12. Nxb6 axb6 13. Qf3 e4 14.
dxe4 Nxe4 15. Be3 Bg7 16. Bxb6+ Kc8 17. Qe3 Bxb2 18. Rb1 Bc3+ 19. Kd1 Qd6+
20. Qd3 Nxf2+ 21. Bxf2 Qxd3+ 22. cxd3 Nb4 23. Rc1 Nxa2 24. Bxa2 Bxg2 25.
Rxc3+ Kd8 26. Bh4+ {Black resigns} 1-0

[Event "GambitGuide"]
[Site "Internet Chess Club"]
[Date "2014.10.31"]
[Round "1"]
[White "JSBach"]
[Black "ChessTony"]
[Result "1-0"]
[ICCResult "Black resigns"]
[WhiteElo "1633"]
[BlackElo "2167"]
[Opening "Vienna: `Frankenstein-Dracula' variation"]
[ECO "C27"]
[NIC "VG.02"]
[Time "20:24:07"]
[TimeControl "120+12"]

1. e4 e5 2. Nc3 Nf6 3. Bc4 Nxe4 4. Qh5 Nd6 5. Bb3 Nc6 6. Nb5 g6 7. Qf3 f5 8.
Qd5 Qe7 9. Nxc7+ Kd8 10. Nxa8 b6 11. d3 Bb7 12. Nxb6 axb6 13. Qf3 Nd4 14.
Qg3 f4 15. Qg4 N6f5 16. Ne2 Nxe2 17. Kxe2 Bxg2 18. Rd1 Nd4+ 19. Ke1 Bf3 20.
Qh3 Qg5 21. Rd2 Qg1+ 22. Qf1 Qxh2 23. c3 Bg2 24. cxd4 Bxf1 25. dxe5 Qh1 26.
Re2 Bxe2+ 27. Kxe2 f3+ 28. Kd2 Bb4+ 29. Ke3 Bc5+ 30. d4 Qe1+ 31. Kxf3 Qh1+
32. Ke3 Qh3+ 33. f3 Be7 34. Bd5 Rf8 35. a4 Bg5+ 36. Kd3 Rxf3+ 37. Bxf3 Qxf3+
38. Kc2 Qe2+ 39. Kc3 Bh4 40. Bh6 Be1+ 41. Kb3 Qd3+ 42. Ka2 Qc4+ 43. b3 Qc2+
44. Ka3 Bc3 45. Bg5+ Kc7 46. Ra2 Qc1+ 47. Bxc1 {Black resigns} 1-0

[Event "GambitGuide"]
[Site "Internet Chess Club"]
[Date "2014.10.31"]
[Round "1"]
[White "JSBach"]
[Black "Heian"]
[Result "1-0"]
[ICCResult "Black resigns"]
[WhiteElo "1633"]
[BlackElo "1552"]
[Opening "Vienna: `Frankenstein-Dracula' variation"]
[ECO "C27"]
[NIC "VG.02"]
[Time "20:25:25"]
[TimeControl "120+12"]

1. e4 e5 2. Nc3 Nf6 3. Bc4 Nxe4 4. Qh5 Nd6 5. Bb3 Nc6 6. Nb5 g6 7. Qf3 f5 8.
Qd5 Qe7 9. Nxc7+ Kd8 10. Nxa8 b6 11. d3 Bb7 12. Nxb6 axb6 13. Qf3 Kc7 14.
Be3 Nd4 15. Qh3 Qf6 16. Bxd4 exd4 17. Nf3 h5 18. O-O g5 19. Qg3 Be7 20. Rae1
f4 21. Qxg5 Qxg5 22. Nxg5 Bxg5 23. a4 Rg8 24. Bxg8 {Black resigns} 1-0

[Event "GambitGuide"]
[Site "Internet Chess Club"]
[Date "2014.10.31"]
[Round "1"]
[White "JSBach"]
[Black "graccus"]
[Result "1-0"]
[ICCResult "Black resigns"]
[WhiteElo "1633"]
[BlackElo "1364"]
[Opening "Vienna: `Frankenstein-Dracula' variation"]
[ECO "C27"]
[NIC "VG.02"]
[Time "20:23:35"]
[TimeControl "120+12"]

1. e4 e5 2. Nc3 Nf6 3. Bc4 Nxe4 4. Qh5 Nd6 5. Bb3 Nc6 6. Nb5 g6 7. Qf3 f5 8.
Qd5 Qe7 9. Nxc7+ Kd8 10. Nxa8 b6 11. d3 Bb7 12. Nxb6 axb6 13. Qf3 f4 14. Bd2
Nd4 15. Qg4 Qf6 16. Ba4 Bc6 17. Bb3 h5 18. Qh3 g5 19. f3 g4 20. fxg4 hxg4
21. Qxg4 Rh6 22. Nf3 Rg6 23. Qh5 Rh6 24. Qg4 Rg6 25. Qh3 Rh6 26. Qg4 Rg6 27.
Qh3 Rh6 28. Qg4 Rg6 29. Qh5 Rxg2 30. Nxd4 exd4 31. Rf1 Rg5 32. Qh7 Rg7 33.
Qh5 Rg5 34. Qh7 Qe5+ 35. Kd1 f3 36. Bxg5+ {Black resigns} 1-0

[Event "GambitGuide"]
[Site "Internet Chess Club"]
[Date "2014.10.31"]
[Round "1"]
[White "JSBach"]
[Black "BraafPaard"]
[Result "1-0"]
[ICCResult "Black resigns"]
[WhiteElo "1633"]
[BlackElo "1500"]
[Opening "Vienna: `Frankenstein-Dracula' variation"]
[ECO "C27"]
[NIC "VG.02"]
[Time "20:24:37"]
[TimeControl "120+12"]

1. e4 e5 2. Nc3 Nf6 3. Bc4 Nxe4 4. Qh5 Nd6 5. Bb3 Nc6 6. Nb5 g6 7. Qf3 f5 8.
Qd5 Qe7 9. Nxc7+ Kd8 10. Nxa8 b6 11. d3 Nd4 12. f4 Bg7 13. fxe5 Bxe5 14. Kd1
Bb7 15. Bg5 Qxg5 16. Qxe5 N4b5 17. Qxh8+ {Black resigns} 1-0

[Event "GambitGuide"]
[Site "Internet Chess Club"]
[Date "2014.10.31"]
[Round "1"]
[White "JSBach"]
[Black "Perplexis"]
[Result "1-0"]
[ICCResult "Black resigns"]
[WhiteElo "1633"]
[BlackElo "1183"]
[Opening "Vienna: `Frankenstein-Dracula' variation"]
[ECO "C27"]
[NIC "VG.02"]
[Time "20:23:40"]
[TimeControl "120+12"]

1. e4 e5 2. Nc3 Nf6 3. Bc4 Nxe4 4. Qh5 Nd6 5. Bb3 Nc6 6. Nb5 g6 7. Qf3 f5 8.
Qd5 Qe7 9. Nxc7+ Kd8 10. Nxa8 b6 11. d3 Nb4 12. Bg5 Nxd5 13. Bxe7+ Bxe7 14.
Bxd5 e4 15. dxe4 Nxe4 16. Ne2 Bc5 17. f3 Nf6 18. Rd1 Ba6 19. Rd2 Re8 20. Bf7
Re7 21. b4 Rxf7 22. bxc5 Re7 23. cxb6 axb6 24. Nxb6 Bxe2 25. Rxe2 Rxe2+ 26.
Kxe2 {Black resigns} 1-0

[Event "GambitGuide"]
[Site "Internet Chess Club"]
[Date "2014.10.31"]
[Round "1"]
[White "JSBach"]
[Black "ChessTony"]
[Result "1-0"]
[ICCResult "Black resigns"]
[WhiteElo "1633"]
[BlackElo "2167"]
[Opening "Vienna: `Frankenstein-Dracula' variation"]
[ECO "C27"]
[NIC "VG.02"]
[Time "20:25:52"]
[TimeControl "120+12"]

1. e4 e5 2. Nc3 Nf6 3. Bc4 Nxe4 4. Qh5 Nd6 5. Bb3 Nc6 6. Nb5 g6 7. Qf3 f5 8.
Qd5 Qe7 9. Nxc7+ Kd8 10. Nxa8 b6 11. d3 Bb7 12. Nxb6 axb6 13. Qf3 Nd4 14.
Qh3 Bg7 15. Be3 N6b5 16. a4 Nd6 17. Ne2 Nxe2 18. Bxb6+ Kc8 19. Kxe2 f4 20.
Rhe1 Nf5 21. Kf1 Nh4 22. f3 g5 23. Rab1 h5 24. Re2 g4 25. fxg4 f3 26. gxf3
Bxf3 27. Rf2 hxg4 28. Qg3 Nf5 29. Qg1 Qb4 30. a5 Bh6 31. Re1 d6 32. Be6+ Kb7
33. Bxf5 {Black resigns} 1-0

[Event "GambitGuide"]
[Site "Internet Chess Club"]
[Date "2014.10.31"]
[Round "1"]
[White "JSBach"]
[Black "Boscoe"]
[Result "1-0"]
[ICCResult "Black resigns"]
[WhiteElo "1633"]
[BlackElo "1297"]
[Opening "Vienna: `Frankenstein-Dracula' variation"]
[ECO "C27"]
[NIC "VG.02"]
[Time "20:25:49"]
[TimeControl "120+12"]

1. e4 e5 2. Nc3 Nf6 3. Bc4 Nxe4 4. Qh5 Nd6 5. Bb3 Nc6 6. Nb5 g6 7. Qf3 f5 8.
Qd5 Qe7 9. Nxc7+ Kd8 10. Nxa8 b6 11. d3 Nb4 12. Qf3 Bb7 13. Qh3 Bxa8 14. Bd2
Nc6 15. Bd5 e4 16. Qe3 Bg7 17. O-O-O Re8 18. dxe4 Nxe4 19. Nf3 Qd6 20. Be1
Nf6 21. Bf7 Qxd1+ 22. Kxd1 Rxe3 23. fxe3 Ne4 24. Kc1 Nb4 25. Bxb4
{Black resigns}
1-0

[Event "GambitGuide"]
[Site "Internet Chess Club"]
[Date "2014.10.31"]
[Round "1"]
[White "JSBach"]
[Black "Heian"]
[Result "0-1"]
[ICCResult "White checkmated"]
[WhiteElo "1633"]
[BlackElo "1552"]
[Opening "Vienna: `Frankenstein-Dracula' variation"]
[ECO "C27"]
[NIC "VG.02"]
[Time "20:26:27"]
[TimeControl "120+12"]

1. e4 e5 2. Nc3 Nf6 3. Bc4 Nxe4 4. Qh5 Nd6 5. Bb3 Nc6 6. Nb5 g6 7. Qf3 f5 8.
Qd5 Qe7 9. Nxc7+ Kd8 10. Nxa8 b6 11. d3 Bb7 12. Nxb6 axb6 13. Qf3 Kc7 14.
Bd2 Qf6 15. c3 Bg7 16. Bd5 g5 17. Rd1 g4 18. Qg3 h5 19. f4 e4 20. dxe4 h4
21. Qd3 Nxe4 22. Bxe4 fxe4 23. Qxe4 Qf7 24. f5 Re8 25. Bf4+ d6 26. Bxd6+ Kc8
27. Be5 Rxe5 28. Qxe5 Bxe5 29. Ne2 Qxf5 30. Rf1 Qg5 31. Rf7 Bxh2 32. Rf8+
Kc7 33. Rf2 Bg3 34. Nxg3 hxg3 35. Re2 Ne5 36. Rc2 Bxg2 37. Rxg2 Nf3+ 38. Ke2
Qe5+ 39. Kf1 Qb5+ 40. Re2 g2+ 41. Kf2 g1=Q+ 42. Rxg1 Nxg1 43. Re3 Qc5 44. a4
g3+ 45. Kxg1 Qxe3+ 46. Kg2 Qf2+ 47. Kh3 g2 48. a5 bxa5 49. b4 g1=Q 50. bxa5
Qgg3# {White checkmated} 0-1

[Event "GambitGuide"]
[Site "Internet Chess Club"]
[Date "2014.10.31"]
[Round "1"]
[White "JSBach"]
[Black "graccus"]
[Result "1-0"]
[ICCResult "Black resigns"]
[WhiteElo "1633"]
[BlackElo "1364"]
[Opening "Vienna: `Frankenstein-Dracula' variation"]
[ECO "C27"]
[NIC "VG.02"]
[Time "20:26:45"]
[TimeControl "120+12"]

1. e4 e5 2. Nc3 Nf6 3. Bc4 Nxe4 4. Qh5 Nd6 5. Bb3 Nc6 6. Nb5 g6 7. Qf3 f5 8.
Qd5 Qe7 9. Nxc7+ Kd8 10. Nxa8 b6 11. d3 Bb7 12. Nxb6 axb6 13. Qf3 Nd4 14.
Qh3 f4 15. Ba4 Bc6 16. Bb3 h5 17. Bd2 g5 18. Bb4 g4 19. Bxd6 Qxd6 20. Qh4+
Be7 21. Qxe7+ Kxe7 22. Kf1 f3 23. gxf3 Nxf3 24. Nxf3 Bxf3 25. Rg1 e4 26.
dxe4 Qxh2 27. c3 Qh3+ 28. Ke1 h4 29. Bd5 g3 30. fxg3 hxg3 31. Kd2 Qh6+ 32.
Kd3 g2 33. c4 Qh3 34. Rac1 Bg4+ 35. Kd2 Qf3 36. Kc2 Qe2+ 37. Kb1 Qd3+ 38.
Ka1 Rh1 39. Rxh1 gxh1=Q 40. Rxh1 Bd1 41. Rh6 Qc2 42. Rh7+ Kd6 43. a3 Qb1+
44. Kxb1 {Black resigns} 1-0

[Event "GambitGuide"]
[Site "Internet Chess Club"]
[Date "2014.10.31"]
[Round "1"]
[White "JSBach"]
[Black "Perplexis"]
[Result "1-0"]
[ICCResult "Black resigns"]
[WhiteElo "1633"]
[BlackElo "1183"]
[Opening "Vienna: `Frankenstein-Dracula' variation"]
[ECO "C27"]
[NIC "VG.02"]
[Time "20:29:40"]
[TimeControl "120+12"]

1. e4 e5 2. Nc3 Nf6 3. Bc4 Nxe4 4. Qh5 Nd6 5. Bb3 Nc6 6. Nb5 g6 7. Qf3 f5 8.
Qd5 Qe7 9. Nxc7+ Kd8 10. Nxa8 b6 11. d3 Bb7 12. Nxb6 Nb4 13. Qa5 Nc6 14. Qc5
Nd4 15. Nd5 Ne6 16. Qa5+ Ke8 17. Nxe7 {Black resigns} 1-0

[Event "GambitGuide"]
[Site "Internet Chess Club"]
[Date "2014.10.31"]
[Round "1"]
[White "JSBach"]
[Black "Heian"]
[Result "1-0"]
[ICCResult "Black resigns"]
[WhiteElo "1633"]
[BlackElo "1552"]
[Opening "Vienna: `Frankenstein-Dracula' variation"]
[ECO "C27"]
[NIC "VG.02"]
[Time "20:29:00"]
[TimeControl "120+12"]

1. e4 e5 2. Nc3 Nf6 3. Bc4 Nxe4 4. Qh5 Nd6 5. Bb3 Nc6 6. Nb5 g6 7. Qf3 f5 8.
Qd5 Qe7 9. Nxc7+ Kd8 10. Nxa8 b6 11. d3 Bb7 12. Nxb6 axb6 13. Qf3 Kc7 14.
Bd2 Nd4 15. Qg3 f4 16. Qg4 Qf6 17. Ba4 b5 18. Bb3 h5 19. Qh3 g5 20. Kd1 Be7
21. Ba5+ Kc8 22. f3 Qg6 23. Rc1 Bf6 24. Bb6 N4f5 25. Ne2 g4 26. fxg4 hxg4
27. Qxh8+ Bxh8 28. c4 bxc4 29. Bxc4 Nxc4 30. Rxc4+ Kb8 31. Bc7+ Ka7 32. Ra4+
Ba6 33. Re4 Ne3+ 34. Kd2 Qc6 35. Rc1 Qb5 36. Rc3 Qxb2+ 37. Ke1 Nxg2+ 38. Kf2
Ne3 39. Rb3 Qd2 40. Bb6+ Ka8 41. Ra4 g3+ 42. hxg3 fxg3+ 43. Kf3 Kb7 44.
Bxe3+ {Black resigns} 1-0

[Event "GambitGuide"]
[Site "Internet Chess Club"]
[Date "2014.10.31"]
[Round "1"]
[White "JSBach"]
[Black "Heian"]
[Result "1-0"]
[ICCResult "Black resigns"]
[WhiteElo "1617"]
[BlackElo "1552"]
[Opening "Vienna: `Frankenstein-Dracula' variation"]
[ECO "C27"]
[NIC "VG.02"]
[Time "20:32:15"]
[TimeControl "120+12"]

1. e4 e5 2. Nc3 Nf6 3. Bc4 Nxe4 4. Qh5 Nd6 5. Bb3 Nc6 6. Nb5 g6 7. Qf3 f5 8.
Qd5 Qe7 9. Nxc7+ Kd8 10. Nxa8 b6 11. d3 Bb7 12. Nxb6 axb6 13. Qf3 Kc7 14.
Bd2 Nd4 15. Qg3 Qf6 16. Bg5 Qg7 17. c3 h6 18. cxd4 hxg5 19. dxe5 f4 20.
exd6+ Bxd6 21. Rc1+ Bc6 22. Qxg5 Re8+ 23. Kd1 Qf7 24. Bxf7 {Black resigns}
1-0

[Event "GambitGuide"]
[Site "Internet Chess Club"]
[Date "2014.10.31"]
[Round "1"]
[White "JSBach"]
[Black "graccus"]
[Result "0-1"]
[ICCResult "White checkmated"]
[WhiteElo "1617"]
[BlackElo "1364"]
[Opening "Vienna: `Frankenstein-Dracula' variation"]
[ECO "C27"]
[NIC "VG.02"]
[Time "20:30:20"]
[TimeControl "120+12"]

1. e4 e5 2. Nc3 Nf6 3. Bc4 Nxe4 4. Qh5 Nd6 5. Bb3 Nc6 6. Nb5 g6 7. Qf3 f5 8.
Qd5 Qe7 9. Nxc7+ Kd8 10. Nxa8 b6 11. d3 Bb7 12. Nxb6 axb6 13. Qf3 Nd4 14.
Qg3 f4 15. Qg4 Qf6 16. Ba4 Bc6 17. Bb3 h5 18. Qh3 g5 19. f3 g4 20. fxg4 hxg4
21. Qxg4 Rh6 22. Nf3 Rg6 23. Qh3 Rh6 24. Qg4 Rg6 25. Qh3 Rh6 26. Qg4 Rg6 27.
Qh3 Rh6 28. Qg4 Rg6 29. Qh3 Nxf3+ 30. gxf3 Rh6 31. Qg4 Rg6 32. Qh5 Rh6 33.
Qg4 Rg6 34. Qh5 Rg5 35. Qh3 Qg6 36. Kd1 Rh5 37. Qf1 Nf5 38. Qf2 Nd4 39. Rg1
Qh6 40. h4 Rxh4 41. Bf7 Rh2 42. Bxf4 Qxf4 43. Qxh2 Qxh2 44. Rg2 Qxg2 45. c3
Qe2+ 46. Kc1 Qc2# {White checkmated} 0-1

[Event "GambitGuide"]
[Site "Internet Chess Club"]
[Date "2014.10.31"]
[Round "1"]
[White "JSBach"]
[Black "Boscoe"]
[Result "1-0"]
[ICCResult "Black resigns"]
[WhiteElo "1617"]
[BlackElo "1297"]
[Opening "Vienna: `Frankenstein-Dracula' variation"]
[ECO "C27"]
[NIC "VG.02"]
[Time "20:33:03"]
[TimeControl "120+12"]

1. e4 e5 2. Nc3 Nf6 3. Bc4 Nxe4 4. Qh5 Nd6 5. Bb3 Nc6 6. Nb5 g6 7. Qf3 f5 8.
Qd5 Qe7 9. Nxc7+ Kd8 10. Nxa8 b6 11. d3 Bb7 12. Nxb6 axb6 13. Qf3 Nd4 14.
Qg3 Nxb3 15. axb3 Bg7 16. Bg5 Bf6 17. Be3 f4 18. Bxb6+ Kc8 19. Qg4 Nf5 20.
Ra4 Bc6 21. Rc4 Kb7 22. Bc5 Qe6 23. Rb4+ Kc8 24. Ba7 Bb7 25. Rb5 Qc6 26. Rc5
Qxc5 27. Bxc5 {Black resigns} 1-0

[Event "GambitGuide"]
[Site "Internet Chess Club"]
[Date "2014.10.31"]
[Round "1"]
[White "JSBach"]
[Black "Perplexis"]
[Result "1-0"]
[ICCResult "Black resigns"]
[WhiteElo "1617"]
[BlackElo "1183"]
[Opening "Vienna: `Frankenstein-Dracula' variation"]
[ECO "C27"]
[NIC "VG.02"]
[Time "20:32:00"]
[TimeControl "120+12"]

1. e4 e5 2. Nc3 Nf6 3. Bc4 Nxe4 4. Qh5 Nd6 5. Bb3 Nc6 6. Nb5 g6 7. Qf3 f5 8.
Qd5 Qe7 9. Nxc7+ Kd8 10. Nxa8 b6 11. d3 Bb7 12. Nxb6 axb6 13. Qf3 Nd4 14.
Qg3 f4 15. Qg4 h5 16. Qxg6 f3 17. gxf3 Nxf3+ 18. Nxf3 Bxf3 19. Bg5 Bxh1 20.
Bxe7+ Bxe7 21. Qg7 Rf8 22. Qxe5 Bh4 23. Qxd6 Bxf2+ 24. Ke2 Bc5 25. Qb8+ Ke7
26. Qe5+ Kd8 27. Qxh5 Bf3+ 28. Qxf3 Rxf3 29. Kxf3 {Black resigns} 1-0